[ AOE2 MATCH · #506906529 ]
UnrankedJapanese vs Persians
Player's team · LOSS
Rival team · WIN
[ REPLAY ANALYSIS · EXTRACTED FROM THE RECORDED GAME ]
Feudal
10:03
Castle
29:14
Imperial
—
| APM avg | 38.1 |
| APM peak | 84 |
| eAPM avg | 19.4 |
| Villagers / military | 115 / 89 |
Focus
⚔️ 37.5% · 🌾 62.5%
Archer ×33 · Spearman ×30 · Skirmisher ×14 · Militia ×7 · Scorpion ×5
Feudal
10:57
Castle
14:56
Imperial
43:42
| APM avg | 24.6 |
| APM peak | 50 |
| eAPM avg | 15.3 |
| Villagers / military | 109 / 59 |
Focus
⚔️ 20.0% · 🌾 80.0%
Cavalry Archer ×35 · Knight ×8 · War Elephant ×7 · Monk ×3 · Scout Cavalry ×3 · Battering Ram ×2
Match map
Initial resources + every placement click. Lines = walls · curves = elevation contours. ◆ gold · ⬟ stone · ● berries · ✦ relic · ◌ wall gap
Your base· ✓ Closed at 29:14 · 12t walls · 1 gate(s)
TheBitcoinDentist's base· Open — 5t gap
Smoothed initial terrain · ◌ = detected wall gap · hover for details
Inputs per minute
— King of Killester - - TheBitcoinDentist
Build order — King of Killester
First 150 of 352 actions detected
| 0:01 | Queue | Villager (Male) |
| 0:01 | Queue | Villager (Male) |
| 0:01 | Queue | Villager (Male) |
| 0:02 | Build | House |
| 0:04 | Build | House |
| 0:20 | Queue | Villager (Male) |
| 1:26 | Queue | Villager (Male) |
| 1:27 | Queue | Villager (Male) |
| 1:48 | Build | Lumber Camp |
| 1:53 | Queue | Villager (Male) |
| 2:22 | Queue | Villager (Male) |
| 2:22 | Queue | Villager (Male) |
| 2:52 | Queue | Villager (Male) |
| 2:52 | Queue | Villager (Male) |
| 2:55 | Queue | Villager (Male) |
| 3:39 | Queue | Villager (Male) |
| 3:40 | Queue | Villager (Male) |
| 3:40 | Queue | Villager (Male) |
| 3:53 | Build | House |
| 4:12 | Queue | Villager (Male) |
| 4:12 | Queue | Villager (Male) |
| 4:12 | Queue | Villager (Male) |
| 4:17 | Build | House |
| 4:31 | Queue | Villager (Male) |
| 4:37 | Queue | Villager (Male) |
| 4:55 | Queue | Villager (Male) |
| 5:23 | Queue | Villager (Male) |
| 6:09 | Queue | Villager (Male) |
| 6:13 | Research | Loom |
| 6:16 | Queue | Villager (Male) |
| 6:17 | Research | Loom |
| 6:54 | Build | Barracks |
| 7:26 | Build | Mining Camp |
| 7:53 | Research | Feudal Age |
| 8:11 | Queue | Villager (Male) |
| 8:14 | Build | Lumber Camp |
| 8:22 | Queue | Militia |
| 8:22 | Queue | Militia |
| 8:22 | Queue | Militia |
| 8:22 | Queue | Militia |
| 9:58 | Build | House |
| 9:59 | Build | House |
| 10:03 | Age | Feudal Age |
| 10:10 | Build | Archery Range |
| 10:11 | Research | Man-at-Arms (upgrade) |
| 10:15 | Research | Double-Bit Axe |
| 10:35 | Queue | Villager (Male) |
| 10:36 | Queue | Villager (Male) |
| 10:40 | Queue | Villager (Male) |
| 11:04 | Queue | Militia |
| 11:04 | Queue | Militia |
| 11:16 | Build | Mill |
| 11:35 | Build | Watch Tower |
| 11:40 | Queue | Archer |
| 11:40 | Queue | Archer |
| 11:48 | Queue | Militia |
| 11:56 | Build | House |
| 12:00 | Build | Outpost |
| 12:24 | Queue | Archer |
| 12:38 | Queue | Villager (Male) |
| 12:38 | Queue | Villager (Male) |
| 12:46 | Queue | Archer |
| 12:52 | Build | Palisade Wall |
| 12:53 | Build | Palisade Wall |
| 12:54 | Build | Palisade Wall |
| 12:54 | Build | Palisade Wall |
| 12:55 | Build | Palisade Wall |
| 12:56 | Build | Palisade Wall |
| 13:04 | Build | Palisade Wall |
| 13:05 | Build | Palisade Wall |
| 13:05 | Build | Palisade Wall |
| 13:07 | Queue | Villager (Male) |
| 13:43 | Build | Blacksmith |
| 13:59 | Build | Mining Camp |
| 14:01 | Queue | Villager (Male) |
| 14:12 | Build | Farm |
| 14:14 | Build | Farm |
| 14:17 | Queue | Archer |
| 14:18 | Queue | Archer |
| 14:24 | Build | Mining Camp |
| 14:39 | Queue | Villager (Male) |
| 14:57 | Build | Market |
| 14:58 | Queue | Villager (Male) |
| 15:16 | Research | Fletching |
| 15:18 | Queue | Archer |
| 15:18 | Queue | Archer |
| 15:39 | Queue | Archer |
| 15:40 | Queue | Archer |
| 15:52 | Queue | Villager (Male) |
| 15:55 | Build | Farm |
| 15:55 | Build | Farm |
| 15:57 | Build | Farm |
| 16:11 | Build | Watch Tower |
| 16:17 | Build | House |
| 16:47 | Queue | Archer |
| 16:47 | Queue | Archer |
| 17:33 | Queue | Villager (Male) |
| 17:33 | Queue | Villager (Male) |
| 17:33 | Queue | Villager (Male) |
| 17:36 | Queue | Archer |
| 17:36 | Queue | Archer |
| 17:58 | Build | Watch Tower |
| 18:21 | Queue | Archer |
| 18:21 | Queue | Archer |
| 18:27 | Queue | Villager (Male) |
| 18:31 | Queue | Villager (Male) |
| 18:37 | Build | House |
| 18:39 | Build | House |
| 18:45 | Build | Watch Tower |
| 18:50 | Build | House |
| 18:55 | Build | House |
| 18:59 | Build | House |
| 19:01 | Build | House |
| 19:03 | Build | House |
| 19:05 | Build | House |
| 19:07 | Build | House |
| 19:11 | Build | House |
| 19:12 | Build | Palisade Wall |
| 19:35 | Queue | Archer |
| 19:35 | Queue | Archer |
| 19:35 | Queue | Archer |
| 20:21 | Build | Watch Tower |
| 20:50 | Build | House |
| 21:03 | Build | House |
| 21:06 | Build | House |
| 21:19 | Build | Watch Tower |
| 21:38 | Queue | Villager (Male) |
| 22:07 | Queue | Villager (Male) |
| 22:07 | Queue | Villager (Male) |
| 22:09 | Queue | Villager (Male) |
| 22:14 | Queue | Archer |
| 22:15 | Queue | Archer |
| 22:35 | Build | Watch Tower |
| 22:39 | Queue | Villager (Male) |
| 22:39 | Queue | Villager (Male) |
| 22:42 | Queue | Villager (Male) |
| 22:49 | Build | Farm |
| 22:50 | Build | Farm |
| 22:53 | Build | Farm |
| 22:59 | Build | Farm |
| 23:02 | Build | Farm |
| 23:04 | Build | Farm |
| 23:11 | Queue | Villager (Male) |
| 23:25 | Research | Padded Archer Armor |
| 23:35 | Build | Farm |
| 23:37 | Build | Farm |
| 23:44 | Queue | Villager (Male) |
| 23:44 | Queue | Villager (Male) |
| 24:07 | Build | Palisade Gate |
| 24:11 | Build | House |
Build order — TheBitcoinDentist
First 150 of 272 actions detected
| 0:01 | Queue | Villager (Male) |
| 0:02 | Queue | Villager (Male) |
| 0:02 | Queue | Villager (Male) |
| 0:04 | Build | House |
| 0:06 | Build | House |
| 0:11 | Build | House |
| 0:17 | Queue | Villager (Male) |
| 0:17 | Queue | Villager (Male) |
| 1:22 | Queue | Villager (Male) |
| 1:22 | Queue | Villager (Male) |
| 1:46 | Build | Lumber Camp |
| 1:51 | Queue | Villager (Male) |
| 1:52 | Queue | Villager (Male) |
| 2:29 | Build | House |
| 2:32 | Build | House |
| 2:37 | Queue | Villager (Male) |
| 2:37 | Queue | Villager (Male) |
| 3:17 | Queue | Villager (Male) |
| 3:18 | Queue | Villager (Male) |
| 3:18 | Queue | Villager (Male) |
| 3:34 | Queue | Villager (Male) |
| 4:12 | Build | Mill |
| 4:18 | Queue | Villager (Male) |
| 4:18 | Queue | Villager (Male) |
| 5:04 | Build | Mining Camp |
| 5:16 | Queue | Villager (Male) |
| 5:16 | Queue | Villager (Male) |
| 6:07 | Queue | Villager (Male) |
| 6:08 | Queue | Villager (Male) |
| 6:36 | Queue | Villager (Male) |
| 7:01 | Build | House |
| 7:04 | Build | Barracks |
| 7:23 | Queue | Villager (Male) |
| 7:40 | Queue | Villager (Male) |
| 8:00 | Research | Loom |
| 8:53 | Research | Feudal Age |
| 10:57 | Age | Feudal Age |
| 11:07 | Build | Market |
| 11:14 | Build | Blacksmith |
| 12:31 | Research | Castle Age |
| 12:41 | Build | Stable |
| 13:39 | Research | Bloodlines |
| 13:40 | Queue | Scout Cavalry |
| 13:40 | Queue | Scout Cavalry |
| 13:49 | Build | Farm |
| 13:49 | Build | Farm |
| 13:49 | Build | Farm |
| 13:50 | Build | Farm |
| 13:50 | Build | Farm |
| 13:50 | Build | Farm |
| 13:51 | Build | Farm |
| 14:56 | Age | Castle Age |
| 15:01 | Queue | Knight |
| 15:01 | Queue | Knight |
| 15:14 | Build | Farm |
| 15:14 | Build | Farm |
| 15:20 | Build | Farm |
| 15:46 | Build | Farm |
| 15:47 | Build | Farm |
| 15:50 | Build | Farm |
| 15:52 | Build | Farm |
| 15:54 | Queue | Villager (Male) |
| 15:54 | Queue | Villager (Male) |
| 15:56 | Queue | Villager (Male) |
| 17:07 | Queue | Villager (Male) |
| 17:08 | Queue | Villager (Male) |
| 17:08 | Queue | Villager (Male) |
| 17:08 | Queue | Villager (Male) |
| 17:08 | Queue | Villager (Male) |
| 17:34 | Build | House |
| 17:35 | Build | House |
| 17:43 | Build | Siege Workshop |
| 18:03 | Build | Monastery |
| 18:05 | Build | House |
| 18:43 | Build | Palisade Gate |
| 19:48 | Research | Wheelbarrow |
| 20:12 | Build | Town Center |
| 21:14 | Queue | Villager (Male) |
| 21:14 | Queue | Villager (Male) |
| 21:16 | Research | Hand Cart |
| 21:57 | Research | Forging |
| 21:58 | Research | Scale Barding Armor |
| 22:24 | Queue | Villager (Male) |
| 22:24 | Queue | Villager (Male) |
| 22:24 | Queue | Villager (Male) |
| 22:24 | Queue | Villager (Male) |
| 22:27 | Queue | Villager (Male) |
| 22:34 | Build | Monastery |
| 22:42 | Queue | Battering Ram |
| 22:53 | Queue | Villager (Male) |
| 23:13 | Queue | Villager (Male) |
| 23:14 | Queue | Villager (Male) |
| 23:42 | Queue | Monk |
| 23:57 | Queue | Villager (Male) |
| 23:58 | Queue | Villager (Male) |
| 24:10 | Build | Farm |
| 24:11 | Build | Farm |
| 24:18 | Build | House |
| 24:19 | Build | House |
| 24:20 | Build | House |
| 24:21 | Build | House |
| 24:21 | Build | House |
| 24:23 | Build | House |
| 24:32 | Research | Town Watch |
| 25:01 | Queue | Villager (Male) |
| 25:01 | Queue | Villager (Male) |
| 25:01 | Queue | Villager (Male) |
| 25:01 | Queue | Villager (Male) |
| 25:02 | Queue | Villager (Male) |
| 25:23 | Queue | Villager (Male) |
| 25:23 | Queue | Villager (Male) |
| 25:37 | Build | Farm |
| 26:03 | Queue | Villager (Male) |
| 26:04 | Queue | Villager (Male) |
| 26:04 | Queue | Villager (Male) |
| 26:33 | Build | Town Center |
| 26:36 | Queue | Villager (Male) |
| 26:37 | Queue | Villager (Male) |
| 28:32 | Queue | Villager (Male) |
| 28:32 | Queue | Villager (Male) |
| 28:33 | Queue | Villager (Male) |
| 28:33 | Queue | Villager (Male) |
| 28:33 | Queue | Villager (Male) |
| 28:33 | Queue | Villager (Male) |
| 28:33 | Queue | Villager (Male) |
| 28:34 | Queue | Villager (Male) |
| 28:53 | Queue | Scout Cavalry |
| 29:11 | Queue | Villager (Male) |
| 29:11 | Queue | Villager (Male) |
| 29:12 | Queue | Villager (Male) |
| 29:12 | Queue | Villager (Male) |
| 29:30 | Build | Mining Camp |
| 29:33 | Queue | Villager (Male) |
| 29:34 | Queue | Villager (Male) |
| 29:34 | Queue | Villager (Male) |
| 29:49 | Queue | Monk |
| 30:03 | Queue | Villager (Male) |
| 30:17 | Queue | Knight |
| 30:47 | Queue | Villager (Male) |
| 30:47 | Queue | Villager (Male) |
| 31:20 | Build | Castle |
| 31:26 | Queue | Knight |
| 31:27 | Queue | Knight |
| 31:27 | Queue | Knight |
| 31:34 | Build | Farm |
| 31:40 | Build | Farm |
| 31:40 | Build | Farm |
| 31:40 | Build | Farm |
| 31:43 | Build | Farm |
| 31:45 | Build | Farm |
Match timeline
| 6:54 | King of Killester · first_building Barracks |
| 7:04 | TheBitcoinDentist · first_building Barracks |
| 10:03 | King of Killester · age_up feudal |
| 10:10 | King of Killester · first_building Archery Range |
| 10:57 | TheBitcoinDentist · age_up feudal |
| 12:41 | TheBitcoinDentist · first_building Stable |
| 12:52 | King of Killester · wall_segment Palisade Wall x1 |
| 12:53 | King of Killester · wall_segment Palisade Wall x1 |
| 12:54 | King of Killester · wall_segment Palisade Wall x1 |
| 12:54 | King of Killester · wall_segment Palisade Wall x1 |
| 12:55 | King of Killester · wall_segment Palisade Wall x1 |
| 12:56 | King of Killester · wall_segment Palisade Wall x1 |
| 13:04 | King of Killester · wall_segment Palisade Wall x1 |
| 13:05 | King of Killester · wall_segment Palisade Wall x1 |
| 13:05 | King of Killester · wall_segment Palisade Wall x1 |
| 14:49 | TheBitcoinDentist · first_market_sell 100 stone |
| 14:56 | TheBitcoinDentist · age_up castle |
| 17:43 | TheBitcoinDentist · first_building Siege Workshop |
| 18:03 | TheBitcoinDentist · first_building Monastery |
| 19:12 | King of Killester · wall_segment Palisade Wall x2 |
| 19:59 | TheBitcoinDentist · first_market_buy 100 stone |
| 21:11 | King of Killester · first_market_sell 100 wood |
| 21:15 | King of Killester · first_market_buy 100 stone |
| 24:13 | King of Killester · wall_segment Palisade Wall x1 |
| 29:14 | King of Killester · age_up castle |
| 31:20 | TheBitcoinDentist · first_building Castle |
| 35:35 | King of Killester · wall_segment Palisade Wall x1 |
| 36:58 | TheBitcoinDentist · first_building Archery Range |
| 37:27 | King of Killester · first_building Castle |
| 37:54 | King of Killester · first_building Siege Workshop |
| 43:42 | TheBitcoinDentist · age_up imperial |
| 45:25 | King of Killester · resign |
[ AI ANALYSIS · 1 CREDIT ]
What really happened in this match?
Wolo.gg analyzes every decision: build order, eco, micro, common mistakes by bracket. Personalized analysis on WhatsApp or Discord in 30 seconds.
Civ guide
Japanese
Perfil
Jugador #2102894